Map: Pendiente de Agustín EE

Players

Striker

  • Race: Protoss Protoss
  • Spawn Location: 11:00

Mavirikk

  • Race: Terran Terran
  • Spawn Location: 12:00

CapitalG

  • Race: Terran Terran
  • Spawn Location: 12:00

TATORREA - Winner!

  • Race: Protoss Protoss
  • League: Gold
  • Spawn Location: 5:00

tigro - Winner!

  • Race: Terran Terran
  • League: Bronze
  • Spawn Location: 6:00

MrFercho - Winner!

  • Race: Zerg Zerg
  • League: Gold
  • Spawn Location: 6:00

VOD

Have the link to the VOD?

Description

Time

  • Played on: July 30, 2020, 7:36 p.m.
  • Length: 17:56
Show
View Real Time Build Order
Export as new Build Order

Striker Protoss 

Build Orders:  

Get SALT Encoding   

  12  0:00  Probe  
  13  0:12  Probe  
  14  0:18  Pylon  
  14  0:24  Probe  
  15  0:36  Probe  
  15  0:40  Gateway  
  16  0:49  Probe  
  17  0:57  Gateway  
  17  1:01  Probe  
  17  1:03  Assimilator  
  18  1:09  Assimilator  
  18  1:13  Probe  
  19  1:25  Probe  
  20  1:37  Probe  
  21  1:42  Cybernetics Core  
  21  1:52  Probe  
  22  2:04  Probe  
  23  2:24  Warp Gate  
  23  2:32  Pylon  
  23  2:35  Pylon  
  23  2:40  Pylon  
  23  2:50  Stalker x2, Probe  
  28  2:51  Gateway  
  28  2:53  Robotics Facility  
  28  3:03  Probe  
  29  3:20  Stalker (Chrono Boost)  
  29  3:21  Stalker (Chrono Boost)  
  33  3:27  Nexus  
  33  3:49  Immortal  
  33  3:50  Probe  
  38  4:02  Probe  
  39  4:14  Probe  
  40  4:27  Probe  
  35  4:42  Stalker x2  
  35  4:43  Stalker  
  35  4:45  Immortal  
  43  4:51  Stargate  
  43  5:01  Probe x2  
  45  5:07  Stalker  
  45  5:13  Probe  
  45  5:14  Probe  
  49  5:24  Immortal  
  53  5:29  Probe x2  
  55  5:37  Stalker  
  55  5:38  Stalker  
  59  5:44  Phoenix  
  59  5:49  Probe  
  62  5:57  Pylon  
  62  6:02  Pylon  
  62  6:15  Probe x2  
  62  6:16  Assimilator  
  64  6:20  Assimilator  
  64  6:22  Forge  
  64  6:25  Forge  
  64  6:27  Probe x2  
  64  6:31  Forge  
  66  6:36  Phoenix  
  66  6:39  Probe x2  
  70  7:00  Nexus  
  70  7:01  Phoenix  
  72  7:06  Pylon  
  72  7:10  Twilight Council  
  72  7:24  Pylon  
  72  7:26  Phoenix  
  74  7:31  Zealot  
  74  7:33  Stalker, Photon Cannon  
  74  7:35  Photon Cannon, Zealot  
  80  7:47  Probe  
  80  7:48  Probe  
  80  7:51  Phoenix (Chrono Boost)  
  84  7:54  Observer  
  85  7:59  Charge  
  85  8:00  Probe x2  
  85  8:01  Zealot x2  
  85  8:04  Zealot  
  93  8:13  Phoenix (Chrono Boost)  
  93  8:15  Protoss Ground Weapons Level 1  
  95  8:26  Zealot  
  84  8:27  Zealot  
  84  8:28  Zealot  
  60  8:50  Stalker x2  
  60  8:53  Stalker  
  54  9:22  Phoenix  
  53  9:47  Gateway, Phoenix  
  53  9:48  Gateway  
  53  9:49  Gateway  
  53  9:52  Gateway  
  55  9:55  Gateway  
  55  9:56  Gateway  
  29  10:51  Zealot  
  25  11:39  Nexus  
  25  11:46  Nexus  
  25  11:47  Pylon  
  25  11:49  Pylon  
  25  12:24  Photon Cannon  
  25  12:26  Photon Cannon  
  25  13:00  Gateway  
  25  13:01  Gateway  
  25  13:39  Gateway  
  25  13:40  Gateway  
  25  13:44  Gateway  
  25  13:47  Gateway  
  25  13:57  Cybernetics Core  
  25  13:59  Assimilator  
  25  14:01  Probe  
  26  14:03  Assimilator  
  26  14:13  Probe  
  27  14:25  Probe  
  28  14:33  Assimilator  
  28  14:37  Stalker x2, Assimilator, Probe  
  33  14:40  Stalker  
  33  14:44  Probe  
  36  14:49  Probe  
  36  14:51  Pylon  
  37  14:56  Probe  
  37  14:59  Stalker  
  40  15:01  Probe  
  41  15:13  Twilight Council, Probe  
  42  15:18  Stalker x2  
  46  15:25  Probe  
  47  15:42  Stalker x2  
  46  15:43  Stalker  
  44  15:54  Pylon  
  44  15:57  Pylon  
  40  16:01  Blink (Chrono Boost)  
  40  16:17  Templar Archives  
  40  16:23  Probe  
  41  16:35  Probe  
  41  16:36  Psionic Storm  
  42  16:53  High Templar  
  44  16:54  High Templar x2  
  44  16:55  High Templar  
  50  17:16  High Templar  
  50  17:19  Zealot  
  54  17:34  Pylon  
  54  17:36  Pylon  
Show
View Real Time Build Order
Export as new Build Order

Mavirikk Terran 

Build Orders:  

Get SALT Encoding   

  12  0:02  SCV  
  13  0:14  SCV  
  13  0:19  Supply Depot  
  14  0:26  SCV  
  15  0:40  SCV  
  15  0:42  Barracks  
  16  0:52  SCV  
  17  1:04  SCV  
  18  1:17  SCV  
  19  1:19  Refinery  
  19  1:29  Marine, SCV  
  21  1:37  Supply Depot  
  21  1:40  Refinery  
  21  1:41  SCV  
  22  1:49  Marine  
  23  1:58  SCV  
  23  2:01  Supply Depot  
  24  2:06  Marine  
  25  2:12  Orbital Command  
  25  2:24  Marine, Factory  
  26  2:37  Command Center  
  26  2:38  SCV  
  26  2:44  Marine  
  28  2:50  SCV  
  29  2:55  Engineering Bay  
  29  3:01  Marine  
  29  3:02  SCV  
  31  3:14  SCV  
  31  3:16  Factory Tech Lab  
  32  3:23  Starport  
  32  3:26  SCV  
  33  3:27  Armory  
  33  3:31  Armory  
  33  3:38  SCV  
  33  3:41  Siege Tank  
  37  3:42  Marine  
  38  3:50  SCV  
  39  4:05  Bunker  
  39  4:18  Command Center  
  39  4:19  Starport Tech Lab  
  39  4:20  Terran Vehicle And Ship Armor Level 1  
  39  4:24  Terran Ship Weapons Level 1  
  40  4:31  SCV  
  40  4:43  SCV, Missile Turret  
  41  4:49  Starport  
  41  4:55  Marine, SCV  
  41  4:59  Missile Turret  
  43  5:06  Missile Turret  
  43  5:07  SCV  
  43  5:08  SCV  
  43  5:12  Marine  
  46  5:19  SCV  
  46  5:20  SCV  
  48  5:21  Medivac  
  50  5:30  Marine  
  50  5:32  SCV x2  
  53  5:40  SCV, Refinery  
  53  5:42  Refinery  
  54  5:44  SCV  
  54  5:48  Marine  
  54  5:49  Refinery  
  56  5:52  Missile Turret, SCV  
  56  5:56  SCV  
  58  5:57  Missile Turret  
  58  6:01  Starport Tech Lab  
  58  6:04  Starport, SCV  
  58  6:08  SCV  
  58  6:11  Fusion Core  
  60  6:16  Supply Depot, SCV  
  61  6:19  Terran Vehicle And Ship Armor Level 2  
  61  6:20  SCV  
  62  6:29  SCV  
  62  6:31  Refinery  
  62  6:32  SCV  
  64  6:35  Missile Turret  
  64  6:41  SCV  
  64  6:43  SCV  
  64  6:44  Supply Depot, SCV  
  67  6:48  Starport Tech Lab  
  67  6:52  Terran Ship Weapons Level 2  
  67  6:53  SCV  
  68  6:56  SCV x2  
  70  7:05  SCV  
  70  7:08  SCV x2  
  72  7:15  Battlecruiser  
  79  7:20  SCV  
  80  7:26  Supply Depot  
  80  7:32  Planetary Fortress, SCV  
  80  7:37  Orbital Command  
  81  7:43  Missile Turret  
  81  7:47  Missile Turret  
  81  7:48  Battlecruiser  
  87  7:55  SCV  
  88  8:07  Viking, SCV  
  91  8:17  Supply Depot  
  91  8:19  SCV  
  92  8:22  Starport  
  92  8:25  Marine  
  93  8:39  Viking, Widow Mine  
  93  8:41  Supply Depot  
  97  8:43  Marine  
  97  8:45  Battlecruiser  
  104  9:00  Starport Tech Lab  
  104  9:01  Marine  
  104  9:02  Battlecruiser  
  111  9:19  Marine  
  112  9:36  Marine  
  113  9:59  Battlecruiser  
  113  10:26  Weapon Refit  
  113  10:32  Supply Depot  
  113  10:35  Battlecruiser x2  
  125  10:54  Battlecruiser  
  131  10:58  Supply Depot  
  131  11:03  Battlecruiser  
  131  12:12  Battlecruiser x3  
  148  12:42  Supply Depot  
  148  12:43  Battlecruiser  
  117  14:40  Battlecruiser x3  
  117  14:43  Supply Depot  
  117  14:44  Battlecruiser  
  141  14:49  Terran Ship Weapons Level 3  
  141  14:50  Terran Vehicle And Ship Armor Level 3  
  129  15:10  Command Center  
  111  15:44  Viking x3  
  111  15:48  Viking  
  117  16:06  Command Center  
  117  16:14  Viking x2  
  117  16:18  Viking  
Show
View Real Time Build Order
Export as new Build Order

CapitalG Terran 

Build Orders: Mech 

Get SALT Encoding   

  12  0:00  SCV  
  13  0:12  SCV  
  14  0:19  Supply Depot  
  14  0:25  SCV  
  15  0:40  SCV  
  16  0:46  Barracks  
  16  0:52  SCV  
  17  1:04  SCV  
  17  1:07  Barracks  
  18  1:17  SCV  
  19  1:30  SCV  
  20  1:45  Marine, SCV  
  22  1:56  Barracks, Marine  
  22  2:00  Refinery  
  23  2:05  Supply Depot  
  23  2:26  Marine x2, SCV  
  23  2:28  Supply Depot  
  26  2:39  SCV  
  26  2:44  Marine x2, Engineering Bay  
  27  2:51  Supply Depot x2, SCV  
  30  2:52  Marine  
  31  3:02  Marine x2  
  33  3:10  Marine  
  34  3:17  Refinery  
  34  3:20  Marine x2  
  36  3:37  Marine x2  
  38  3:41  Factory  
  38  3:42  Command Center  
  38  3:49  Orbital Command  
  38  3:52  Marine  
  38  4:04  Marine x2  
  40  4:10  Marine  
  41  4:22  Marine x2  
  43  4:28  Marine  
  44  4:40  Marine x2  
  44  4:42  Factory Tech Lab  
  38  4:46  Marine  
  38  4:49  Terran Infantry Weapons Level 1  
  39  4:55  Supply Depot, SCV  
  39  4:58  Marine x2  
  42  5:02  SCV  
  42  5:04  Marine  
  44  5:07  SCV  
  45  5:21  Marine  
  45  5:23  Barracks Tech Lab  
  45  5:24  Siege Tank  
  45  5:27  Marine  
  50  5:32  SCV  
  51  5:37  SCV  
  51  5:39  Marine  
  51  5:42  Combat Shield  
  53  5:44  SCV  
  54  5:56  SCV  
  55  6:08  SCV  
  56  6:20  SCV  
  57  6:29  Refinery, Siege Tank  
  57  6:31  Command Center  
  57  6:32  Factory, SCV  
  61  6:38  Armory  
  61  6:43  Terran Infantry Armor Level 1  
  61  6:44  SCV  
  62  6:47  Barracks Tech Lab  
  62  6:49  Barracks Tech Lab  
  62  6:57  SCV  
  62  6:59  SCV  
  64  7:05  Supply Depot  
  64  7:09  SCV  
  64  7:11  Marine x2, SCV  
  64  7:14  Siege Tank  
  71  7:23  SCV  
  71  7:26  Factory  
  71  7:27  Missile Turret  
  72  7:39  SCV  
  72  7:41  SCV  
  74  7:47  Refinery  
  74  7:49  SCV  
  74  7:50  Missile Turret  
  75  7:51  SCV  
  75  7:52  Marine  
  75  7:53  Marine, SCV  
  75  7:56  Factory Tech Lab  
  79  8:01  SCV  
  79  8:03  SCV  
  81  8:05  SCV  
  82  8:13  SCV  
  82  8:15  SCV, Missile Turret  
  82  8:17  SCV  
  85  8:22  Factory Reactor  
  85  8:25  Hellion  
  85  8:26  Hellion  
  90  8:27  SCV  
  90  8:33  Planetary Fortress  
  90  8:37  Marine x3, Hi-Sec Auto Tracking  
  84  8:53  Infernal Pre-Igniter  
  84  8:55  Marine x3  
  72  9:13  Marine x3  
  67  9:20  Hellion x2  
  71  9:26  Supply Depot  
  71  9:30  Marine, Terran Vehicle Weapons Level 1  
  71  9:31  Marine x2  
  74  9:32  Siege Tank  
  74  9:33  Siege Tank  
  74  9:34  Terran Infantry Weapons Level 2  
  74  9:37  Supply Depot  
  75  9:41  Hellion  
  75  9:42  Hellion  
  76  9:48  Marine x2  
  76  9:49  Marine  
  76  9:50  Barracks  
  78  10:04  Siege Tank  
  78  10:05  Barracks  
  78  10:06  Marine x3  
  84  10:09  SCV  
  83  10:19  Supply Depot  
  78  10:21  SCV  
  78  10:24  Marine x3  
  78  10:27  Hellion x2  
  79  10:29  Supply Depot  
  79  10:33  Supply Depot, SCV  
  79  10:35  Planetary Fortress  
  80  10:42  Marine x3  
  83  10:45  SCV  
  83  10:46  Supply Depot  
  84  10:50  Siege Tank x2  
  90  10:57  SCV  
  90  10:59  Supply Depot, Marine  
  90  11:00  Marine x2  
  83  11:09  SCV  
  70  11:17  Marine x2  
  70  11:18  Marine  
  72  11:22  SCV  
  70  11:29  Hellion x2  
  70  11:32  Terran Vehicle And Ship Armor Level 1  
  70  11:34  SCV  
  70  11:35  Marine x3  
  64  11:48  SCV  
  64  11:50  Terran Infantry Armor Level 2  
  64  11:51  Hellion x2  
  64  11:53  Marine x3  
  68  12:11  Marine x3  
  60  12:19  Siege Tank  
  61  12:29  Marine x3  
  58  12:47  Marine x2  
  46  13:03  Siege Tank  
  46  13:04  Marine x2  
  50  13:16  Supply Depot  
  50  13:22  Marine x2  
  52  13:35  Siege Tank  
  52  13:40  Marine x2  
  53  13:42  Supply Depot  
  53  13:58  Marine x2  
  54  14:12  Supply Depot  
  54  14:16  Marine x2  
  56  14:33  Marine  
  56  14:34  Marine  
  58  15:02  Command Center  
Show
View Real Time Build Order
Export as new Build Order

TATORREA Protoss - Winner!

Build Orders: Carriers, Chargelot Immortal 

Get SALT Encoding   

  12  0:04  Probe  
  13  0:16  Probe  
  14  0:25  Pylon  
  14  0:28  Probe  
  15  0:43  Probe  
  16  0:50  Gateway  
  16  1:08  Probe (Chrono Boost)  
  17  1:14  Assimilator  
  17  1:17  Pylon  
  18  1:19  Probe (Chrono Boost)  
  18  1:20  Pylon  
  18  1:23  Probe (Chrono Boost)  
  19  1:34  Gateway, Probe  
  20  1:41  Assimilator  
  20  1:46  Probe  
  21  1:55  Cybernetics Core  
  21  1:58  Probe  
  22  2:10  Probe  
  23  2:22  Stalker, Probe  
  23  2:29  Warp Gate (Chrono Boost)  
  24  2:31  Stalker  
  28  2:54  Pylon  
  28  3:03  Stalker (Chrono Boost)  
  28  3:04  Nexus  
  32  3:06  Stalker (Chrono Boost)  
  32  3:24  Probe  
  33  3:36  Probe  
  33  3:38  Shield Battery  
  33  3:40  Shield Battery  
  34  3:46  Sentry, Stalker  
  34  3:48  Probe  
  39  3:49  Robotics Facility  
  39  4:07  Probe  
  40  4:19  Probe  
  40  4:20  Probe  
  42  4:27  Shield Battery  
  42  4:31  Probe  
  42  4:32  Probe  
  44  4:45  Probe x2  
  46  4:46  Immortal (Chrono Boost)  
  50  4:57  Probe x2  
  52  5:08  Twilight Council  
  52  5:09  Probe  
  52  5:10  Probe  
  52  5:11  Gateway  
  52  5:13  Gateway  
  54  5:18  Immortal  
  54  5:21  Assimilator, Probe  
  58  5:23  Assimilator, Probe  
  58  5:27  Zealot  
  62  5:37  Charge (Chrono Boost)  
  62  5:42  Pylon  
  62  5:46  Pylon  
  62  5:49  Pylon  
  62  6:00  Probe x2, Observer  
  62  6:01  Forge  
  62  6:03  Forge  
  65  6:04  Forge  
  65  6:06  Stargate  
  65  6:12  Probe x2  
  67  6:34  Nexus  
  67  6:36  Pylon  
  67  6:37  Pylon  
  67  6:41  Protoss Ground Armor Level 1 (Chrono Boost), Protoss Ground Weapons Level 1 (Chrono Boost), Probe x2  
  67  6:44  Protoss Shields Level 1 (Chrono Boost)  
  69  6:53  Probe x2  
  71  6:54  Zealot x2  
  71  6:57  Zealot  
  71  6:59  Zealot  
  79  7:14  Warp Prism  
  81  7:15  Probe x2  
  83  7:27  Zealot x3  
  83  7:28  Probe x2  
  91  7:30  Zealot  
  93  7:40  Probe x2  
  93  7:43  Photon Cannon  
  95  7:46  Photon Cannon, Probe  
  96  7:52  Probe x2  
  96  7:56  Assimilator  
  96  7:58  Probe  
  99  8:00  Assimilator  
  99  8:02  Zealot  
  99  8:04  Pylon, Probe x2, Zealot  
  104  8:06  Zealot  
  104  8:08  Sentry  
  96  8:55  Stalker x4  
  102  8:58  Protoss Shields Level 2 (Chrono Boost), Protoss Ground Armor Level 2 (Chrono Boost), Protoss Ground Weapons Level 2 (Chrono Boost)  
  102  9:00  Immortal  
  98  9:25  Nexus  
  98  9:26  Pylon  
  98  9:28  Gateway, Pylon  
  98  9:29  Gateway  
  82  9:39  Immortal  
  74  10:12  Zealot x3  
  74  10:13  Zealot  
  80  10:18  Immortal  
  84  10:26  Probe x2  
  84  10:27  Probe  
  87  10:30  Zealot  
  87  10:31  Zealot  
  87  10:33  Zealot  
  87  10:34  Zealot x3  
  99  10:38  Probe x2  
  99  10:39  Probe  
  102  10:50  Probe  
  102  10:51  Probe x2  
  105  10:58  Immortal  
  105  11:01  Assimilator  
  109  11:05  Assimilator  
  109  11:08  Gateway, Zealot x3  
  109  11:09  Zealot x3  
  121  11:12  Gateway  
  121  11:15  Gateway  
  121  11:21  Fleet Beacon  
  121  11:28  Stargate  
  121  11:30  Stargate  
  119  11:35  Stargate  
  119  11:38  Probe  
  119  11:39  Probe x3  
  121  11:40  Nexus  
  121  11:42  Pylon  
  121  11:44  Pylon  
  121  11:46  Stalker x3  
  121  11:47  Stalker x3  
  127  11:49  Immortal (Chrono Boost)  
  127  11:51  Probe  
  126  11:57  Protoss Ground Weapons Level 3 (Chrono Boost), Protoss Ground Armor Level 3 (Chrono Boost)  
  126  11:58  Protoss Shields Level 3 (Chrono Boost), Gateway  
  126  12:00  Gateway  
  118  12:03  Gateway  
  118  12:05  Gateway  
  118  12:07  Gateway  
  114  12:13  Carrier  
  116  12:21  Immortal  
  118  12:26  Probe x2  
  118  12:27  Probe x2  
  118  12:30  Zealot x2  
  118  12:31  Zealot x5  
  118  12:32  Zealot  
  134  12:37  Blink (Chrono Boost)  
  134  12:38  Probe x2  
  134  12:42  Protoss Air Weapons Level 1 (Chrono Boost)  
  120  12:44  Carrier  
  116  13:06  Zealot  
  116  13:07  Zealot x5  
  116  13:08  Zealot  
  116  13:09  Zealot  
  116  13:10  Zealot x4  
  116  13:11  Zealot x2  
  136  13:31  Tempest, Carrier  
  145  13:35  Carrier  
  151  13:45  Stalker  
  151  13:46  Stalker x4  
  151  13:47  Stalker, Assimilator  
  163  13:48  Assimilator  
  163  13:49  Stalker  
  165  14:01  Pylon  
  163  14:03  Pylon  
  159  14:10  Stalker x2, Cybernetics Core  
  159  14:11  Stalker x3  
  159  14:12  Stalker  
  149  14:26  Templar Archives  
  149  14:30  Stalker  
  149  14:31  Stalker x3  
  143  14:32  Stalker x3  
  143  14:37  Stalker  
  143  14:38  Stalker  
  157  14:44  Protoss Air Weapons Level 2 (Chrono Boost)  
  157  14:45  Carrier  
  153  15:13  Probe x4  
  157  15:23  Zealot x2  
  157  15:24  Zealot x4  
  157  15:25  Zealot x3  
  157  15:26  Zealot x3  
  157  15:27  Zealot x2  
  185  15:50  Stalker  
  185  15:55  Pylon  
  183  15:57  Assimilator  
  183  16:00  High Templar x5  
  183  16:01  High Templar  
  195  16:05  Archon x2  
  195  16:06  Archon  
  175  16:43  Nexus  
  175  16:44  Tempest x2  
  175  16:45  Carrier x2  
  175  16:46  Pylon x2  
  187  16:57  Assimilator  
  187  17:01  Assimilator  
Show
View Real Time Build Order
Export as new Build Order

tigro Terran - Winner!

Build Orders:  

Get SALT Encoding   

  12  0:13  Supply Depot, SCV  
  13  0:26  SCV  
  14  0:38  SCV  
  14  0:40  Barracks  
  15  0:50  Refinery, SCV  
  16  1:02  SCV  
  17  1:12  Supply Depot  
  17  1:14  SCV  
  18  1:27  Marine, SCV  
  20  1:42  SCV, Refinery  
  20  1:45  Marine  
  22  1:54  SCV  
  23  2:01  Factory  
  23  2:03  Marine  
  23  2:08  Engineering Bay  
  24  2:20  Marine  
  25  2:23  Orbital Command  
  25  2:38  Marine  
  25  2:39  Terran Infantry Weapons Level 1  
  26  2:58  SCV  
  26  3:01  Factory Tech Lab  
  27  3:11  Barracks Tech Lab, SCV  
  28  3:18  Command Center  
  28  3:21  Siege Tank  
  31  3:53  Siege Tank  
  34  4:26  Siege Tank  
  35  4:33  Terran Infantry Armor Level 1, Refinery  
  35  4:34  Marine  
  33  4:52  Marine  
  34  5:04  SCV  
  35  5:10  Marine  
  35  5:11  Combat Shield  
  36  5:16  SCV  
  37  5:27  Marine  
  38  5:29  SCV  
  39  5:41  SCV  
  40  5:45  Marine  
  41  5:53  SCV  
  41  5:55  Starport  
  42  5:59  Armory  
  42  6:05  SCV  
  43  6:17  Refinery, SCV  
  44  6:27  Neosteel Armor  
  44  6:29  SCV  
  44  6:30  Stimpack  
  45  6:35  Medivac  
  47  6:41  SCV  
  48  6:48  Thor  
  48  6:53  SCV  
  55  7:05  SCV  
  55  7:07  Fusion Core  
  56  7:29  Starport Tech Lab  
  56  7:31  Marine  
  57  7:41  SCV  
  58  7:49  Marine  
  59  7:53  SCV  
  60  7:58  Supply Depot  
  60  8:05  SCV  
  61  8:06  Marine  
  61  8:07  Hi-Sec Auto Tracking  
  62  8:20  SCV  
  62  8:21  Supply Depot  
  62  8:24  Marine  
  64  8:32  SCV  
  65  8:41  Terran Vehicle And Ship Armor Level 1  
  65  8:42  Marine  
  65  8:43  Thor  
  65  8:45  Supply Depot  
  70  8:49  Medivac  
  72  9:00  Marine  
  73  9:04  Terran Infantry Weapons Level 2  
  73  9:18  Marine  
  74  9:25  Thor  
  79  9:35  Marine  
  78  9:40  Battlecruiser  
  75  9:53  Marine  
  76  10:08  Thor  
  76  10:11  Marine  
  83  10:29  Marine  
  84  10:35  Terran Vehicle Weapons Level 1  
  84  10:47  Marine  
  85  10:55  Battlecruiser  
  91  10:58  Weapon Refit  
  91  11:05  Marine  
  92  11:19  Terran Infantry Armor Level 2  
  92  11:22  Marine  
  85  11:42  Thor  
  82  11:59  Battlecruiser  
  67  12:24  Thor  
  73  12:30  Terran Ship Weapons Level 1  
  73  12:38  Rapid Reignition System  
  79  13:07  Thor  
  85  13:16  Medivac  
  80  13:34  Command Center  
  80  13:46  Battlecruiser  
  62  13:50  Thor  
  59  14:23  Terran Vehicle Weapons Level 2  
  57  14:36  Marine  
  58  14:48  Barracks, Refinery  
  58  14:50  Medivac  
  60  14:53  Marine  
  61  15:11  Marine  
  62  15:20  Battlecruiser  
  68  15:29  Marine  
  69  15:36  Barracks Reactor  
  69  15:47  Marine  
  70  15:52  Thor  
  76  16:04  Refinery  
  76  16:24  Battlecruiser  
  78  16:57  Marine x3  
  60  17:15  Marine x3  
  69  17:33  Marine x3  
Show
View Real Time Build Order
Export as new Build Order

MrFercho Zerg - Winner!

Build Orders: Hatch First 

Get SALT Encoding   

  12  0:00  Drone  
  13  0:14  Overlord  
  13  0:22  Drone  
  14  0:32  Drone x2  
  16  0:50  Hatchery  
  16  0:52  Drone  
  16  0:58  Drone  
  17  1:05  Drone  
  18  1:12  Extractor  
  17  1:18  Drone  
  17  1:19  Spawning Pool  
  17  1:21  Drone  
  18  1:30  Drone  
  19  1:44  Drone  
  20  1:52  Overlord  
  21  2:08  Zergling x4  
  21  2:13  Drone  
  21  2:15  Queen x2  
  23  2:17  Drone  
  28  2:23  Drone  
  28  2:24  Drone  
  30  2:34  Drone  
  30  2:35  Drone  
  32  2:45  Overlord  
  32  2:49  Drone  
  33  3:05  Metabolic Boost  
  33  3:08  Lair, Hatchery  
  32  3:24  Drone x6  
  38  3:36  Overlord  
  38  3:38  Overlord  
  38  3:40  Drone  
  39  3:41  Drone x2  
  41  3:50  Drone x3  
  41  3:54  Zergling x2  
  45  3:57  Zergling x2  
  47  4:10  Zergling x10  
  51  4:19  Baneling Nest  
  50  4:25  Evolution Chamber  
  50  4:31  Zergling x10  
  49  4:33  Zergling x4  
  52  4:55  Zerg Melee Weapons Level 1  
  52  5:03  Centrifical Hooks  
  52  5:08  Hatchery  
  52  5:13  Drone  
  52  5:15  Overlord x3  
  52  5:32  Queen x2  
  56  5:38  Extractor  
  56  5:40  Extractor  
  54  5:43  Drone  
  54  5:47  Drone x3  
  54  5:49  Drone x3  
  61  5:53  Zergling x2  
  61  5:54  Zergling x6  
  61  5:56  Baneling x4  
  65  6:08  Pneumatized Carapace  
  65  6:20  Baneling  
  65  6:21  Baneling x5  
  65  6:23  Drone  
  65  6:24  Drone x8  
  74  6:44  Queen  
  74  6:45  Queen  
  78  6:48  Overlord x2  
  78  6:56  Hatchery  
  78  6:59  Zergling x2  
  78  7:00  Zergling x8  
  82  7:01  Overlord x3, Hydralisk Den  
  81  7:14  Hatchery  
  80  7:16  Hatchery  
  79  7:27  Zergling x16  
  87  7:30  Zergling x4  
  89  7:44  Extractor  
  89  7:46  Zerg Missile Weapons Level 1  
  89  7:48  Grooved Spines  
  89  7:50  Zergling x16  
  96  8:08  Zergling x16  
  96  8:09  Zergling x8  
  91  8:27  Zergling x2  
  91  8:28  Zergling x14  
  91  8:33  Zergling x2  
  91  8:34  Zergling x8  
  85  8:59  Muscular Augments  
  72  9:05  Zergling x2  
  72  9:06  Zergling x42  
  82  9:18  Hydralisk x9  
  97  9:57  Drone x3  
  97  9:59  Extractor  
  99  10:00  Extractor  
  99  10:02  Drone x3  
  99  10:04  Drone x5  
  99  10:05  Drone x4  
  110  10:07  Drone x2  
  100  11:04  Hydralisk  
  100  11:05  Hydralisk x19  
  100  11:09  Overlord x4  
  100  11:10  Overlord x2  
  126  11:19  Zerg Missile Weapons Level 2, Infestation Pit  
  119  11:30  Lurker Den  
  110  11:34  Spire  
  110  11:35  Zergling x2  
  110  11:36  Zergling x46  
  110  11:37  Zergling x6  
  110  11:38  Zergling x2  
  131  12:26  Baneling  
  131  12:27  Baneling x26  
  131  12:28  Baneling x19  
  130  12:36  Hydralisk x2  
  130  12:37  Hydralisk  
  130  12:42  Overlord x3  
  136  12:44  Zergling x2  
  136  12:45  Zergling x20  
  114  13:08  Hydralisk  
  114  13:09  Hydralisk x8  
  89  13:35  Hive  
  87  13:47  Hydralisk x7  
  101  14:04  Extractor  
  101  14:05  Hatchery  
  101  14:09  Extractor, Zerg Flyer Weapons Level 1  
  98  14:14  Zerg Ground Armor Level 1  
  98  14:17  Hydralisk x3  
  104  14:58  Corruptor x5  
  114  15:16  Hatchery  
  114  15:18  Hatchery  
  112  15:26  Lurker x4  
  113  15:28  Lurker  
  113  15:35  Lurker  
  110  16:11  Seismic Spines  
  64  17:22  Corruptor  
  64  17:23  Corruptor x9  
  64  17:24  Corruptor  
Tags
 
Add a new tag
Caveats
  • Supply blocks, unpowered buildings, or Contaminate may cause inaccurate times.
  • Supply counts are checked every 10 seconds.